 Dungeon Crawl Stone Soup version 0.28.0-45-g0d030f2227 (console) character file.

Game seed: 16072753509387133420

2181 Faeu the Fighter (level 9, 0/65 (72) HPs)
             Began as a Minotaur Fighter on Apr 20, 2022.
             Was a Believer of Hepliaklqana.
             Slain by a killer bee (1 damage)
             ... on level 6 of the Dungeon.
             The game lasted 00:24:19 (6784 turns).

Faeu the Fighter (Minotaur Fighter)                 Turns: 6784, Time: 00:24:20

HP:   0/65 (72)     AC: 10    Str: 25    XL:     9   Next: 11%
MP:   0/8           EV:  8    Int:  5    God:    Hepliaklqana [**....]
Gold: 271           SH:  6    Dex: 16    Spells: 8/8 levels left

rFire   . . .      SeeInvis .   a - +0 long sword {long}
rCold   . . .      Faith    .   c - +0 buckler
rNeg    . . .      Spirit   +   x - +0 chain mail
rPois   .          Reflect  .   (helmet restricted)
rElec   .          Harm     .   (no cloak)
rCorr   .          Rampage  .   (no gloves)
Will    .....                   (no boots)
Stlth   ..........              z - amulet of guardian spirit
HPRegen 0.20/turn               p - +6 ring of dexterity
MPRegen 0.11/turn               (no ring)

@: flying, drained
A: reduced essence, horns 2, retaliatory headbutt, deterioration 1, MP-powered
wands
a: Renounce Religion, Recall Ancestor, Ancestor Identity


You were on level 6 of the Dungeon.
You worshipped Hepliaklqana.
Hepliaklqana was pleased with you.
You visited 1 branch of the dungeon, and saw 7 of its levels.
You also visited: Sewer.

You collected 271 gold pieces.


Innate Abilities, Weirdness & Mutations

Your life essence is reduced to manifest your ancestor. (-10% HP)
You have a pair of horns on your head.
You reflexively headbutt those who attack you in melee.
Your body sometimes deteriorates upon taking damage.
You expend magic power (3 MP) to strengthen your wands.


   Skills:
 + Level 8.1 Fighting
 + Level 7.5 Long Blades
 + Level 8.1 Armour
 + Level 8.1 Shields


You had 8 spell levels left.
You didn't know any spells.
Your spell library was empty.

Inventory:

Hand Weapons
 a - a +0 long sword (weapon) {long}
 q - a +2 whip of draining {mace}
   (You found it on level 3 of the Dungeon)
 B - a +2 dagger of speed {short}
   (You took it off an orc on level 6 of the Dungeon)
 D - a +1 trident of venom {polearm}
   (You took it off a wight on level 6 of the Dungeon)
 E - a +3 battleaxe {axe}
   (You took it off a wight on level 6 of the Dungeon)
 F - a +4 flail {mace}
   (You took it off a wight on level 6 of the Dungeon)
Missiles
 w - a boomerang of dispersal (quivered) {=f!fthrowing}
 y - 3 boomerangs {throwing}
Armour
 b - a +0 scale mail
 c - a +0 buckler (worn)
 v - a +2 leather armour of cold resistance
   (You found it on level 4 of the Dungeon)
 x - a +0 chain mail (worn)
   (You took it off an orc on level 5 of the Dungeon)
Jewellery
 p - a +6 ring of dexterity (left hand)
   (You found it on level 3 of the Dungeon)
 z - an amulet of guardian spirit (around neck)
   (You found it on level 6 of the Dungeon)
Wands
 C - a wand of iceblast (8)
   (You found it on level 6 of the Dungeon)
Scrolls
 g - 3 scrolls of torment {unknown}
 h - 2 scrolls of amnesia
 i - 6 scrolls of fear {unknown}
 j - 3 scrolls of blinking {unknown}
 l - 2 scrolls of noise {unknown}
 n - 9 scrolls of identify {unknown}
 s - a scroll of fog {unknown}
 t - a scroll of holy word {unknown}
 u - a scroll of acquirement {unknown}
Potions
 d - a potion of might
 f - a potion of flight
 k - 2 potions of brilliance {unknown}
 m - a potion of ambrosia {unknown}
 o - 3 potions of haste {unknown}
 r - a potion of magic {unknown}
 A - 2 potions of lignification {unknown}

Dungeon Overview and Level Annotations

Branches:
Dungeon (7/15)              Sewer (visited)
 Temple: D:4-7

Altars:
Hepliaklqana
Trog
Uskayaw
Vehumet
Xom

Shops:
D:5 * D:6

= ###########
###.yy.......
#...y@.......#
#.#R#####.##.#
#.#.##$..z...#
#...##.#.....#
#.#R.$...$...#
#...##..###.z...
#>..##..# ...
#†......## .
##..###.....#
#................
#...#########...#


You could see the friendly Ælfric the hexer and 3 killer bees.


Message History

The killer bee poisons you! You block the killer bee's attack.
The killer bee stings you but does no damage. Ælfric points at the killer bee and mumbles some strange words.
The killer bee seems to slow down.
The killer bee closely misses you. 😮 HP[-3]
You take 3 damage, and now have 42/63 hp.
You feel very sick. The killer bee stings you. x2
* * * LOW HITPOINT WARNING * * *
You are more poisoned.
The killer bee poisons you! You block the killer bee's attack. x2
The killer bee closely misses you.
The killer bee barely misses you. Ælfric hits the killer bee with a +0 dagger of draining.
The killer bee stings you.
* * * LOW HITPOINT WARNING * * *
You climb upwards.
You feel very sick.
There is a stone staircase leading down here. 😨 HP[-20] MP[-3]
You take 20 damage, and now have 22/63 hp.
MASSIVE DAMAGE!! (PAUSE)
You lost 3 mp, and now have 3/8 mp.
You swap places.
You feel sick.
The killer bee stings Ælfric.
The killer bee stings you.
* * * LOW HITPOINT WARNING * * *
You block the killer bee's attack.
The killer bee barely misses Ælfric.
The killer bee stings you.
* * * LOW HITPOINT WARNING * * *
The killer bee misses Ælfric. Ælfric barely misses the killer bee.
The killer bee stings you but does no damage.
The killer bee stings Ælfric. 😨 HP[-5]
You take 5 damage, and now have 17/63 hp.
You feel very sick.
The killer bee closely misses Ælfric.
You block the killer bee's attack. The killer bee barely misses you.
The killer bee stings Ælfric. Ælfric barely misses the killer bee.
The killer bee stings you.
* * * LOW HITPOINT WARNING * * *
The killer bee stings Ælfric. 😱 HP[-3]
You take 3 damage, and now have 14/63 hp.
You feel sick.
The killer bee stings Ælfric!
The killer bee closely misses Ælfric.
The killer bee stings you but does no damage.
The killer bee barely misses Ælfric. Ælfric barely misses the killer bee. 😱 HP[-1]
You take 1 damage, and now have 13/63 hp.
You feel sick.
The killer bee barely misses Ælfric.
The killer bee stings Ælfric but does no damage.
The killer bee stings you but does no damage.
The killer bee stings Ælfric but does no damage. Ælfric hits the killer bee with a +0 dagger of draining. 😱 HP[-2] MP[+1]
You take 2 damage, and now have 11/63 hp.
You feel sick.
The killer bee stings Ælfric!
The killer bee stings Ælfric.
The killer bee stings you but does no damage.
The killer bee completely misses Ælfric. Ælfric gestures at the killer bee while chanting.
The killer bee seems to slow down.
The killer bee stings Ælfric. 😱 HP[-1]
You take 1 damage, and now have 10/63 hp.
You feel sick.
The killer bee completely misses Ælfric. Ælfric hits the killer bee with a +0 dagger of draining! Ælfric drains the killer bee.
The killer bee dies! 😱 HP[-1]
You now have 65 max hp (+2).
You feel sick.
You feel sick. You block the killer bee's attack.
The killer bee barely misses you.
The killer bee stings you but does no damage. 😱 HP[-1]
You take 1 damage, and now have 8/65 hp.
You feel sick.
You are no longer poisoned.
The killer bee closely misses you.
The killer bee barely misses you. 😱 HP[-1]
You take 1 damage, and now have 7/65 hp.
It was a potion of flight.
You feel very buoyant.
You fly up into the air.
You block the killer bee's attack. x2
The killer bee stings you but does no damage.
The killer bee barely misses you.
As you read the scroll labelled VUDAJI WEUGG, it crumbles to dust.
It is a scroll of amnesia.
You feel forgetful for a moment. The killer bee barely misses you. x2
The killer bee stings you.
* * * LOW HITPOINT WARNING * * *
You are lethally poisoned!
The killer bee poisons you! The killer bee stings you.
* * * LOW HITPOINT WARNING * * *
😱 HP[-4] MP[-3]
You take 4 damage, and now have 3/65 hp.
You lost 3 mp, and now have 1/8 mp.
You feel better. The killer bee stings you!
* * * LOW HITPOINT WARNING * * *
The killer bee stings you but does no damage.
The killer bee stings you.
You die...

Skill      XL: |  1  2  3  4  5  6  7  8  9 |
---------------+----------------------------+-----
Fighting       | 4 5 6 7 8 |  8.1
Long Blades    | 3 4 6 7 |  7.5
Armour         | 4 5 6 7 8 |  8.1
Shields        | 4 5 6 7 8 |  8.1

Action                   |  1- 3 |  4- 6 |  7- 9 || total
-------------------------+-------+-------+-------++-------
Melee: Long sword        |    28 |   148 |   198 ||   374
       Headbutt          |     5 |    17 |    43 ||    65
Invok: Ancestor Life: He |       |       |     1 ||     1
  Use: Potion            |       |     1 |     3 ||     4
       Scroll            |       |       |     1 ||     1
 Stab: Confused          |       |       |     2 ||     2
       Distracted        |       |       |     1 ||     1
Armor: Scale mail        |    16 |    83 |    21 ||   120
       Chain mail        |       |       |    80 ||    80
Dodge: Dodged            |    12 |    68 |    91 ||   171
Block: Buckler           |     6 |    35 |    91 ||   132

Levels and vault maps discovered:
D:1:      amcnicky_arrival_wind_blow, layout_basic,
          ebering_ecumenical_altar_abandoned
D:2:      layout_rooms
D:3:      layout_basic, mainiacjoe_overflow_catwalk_spiral, portal_sewer_entry_b
D:4:      layout_layer_cave, trog_book, amcnicky_altar_gilded, serial_glass,
          glass_columns_a, glass_columns_a, glass_columns_c, glass_columns_a,
          glass_columns_b, glass_columns_a, minmay_misc_feat_iff
D:5:      layout_loops_ring, nicolae_uskayaw_murder_on_the_dancefloor,
          chequers_serial_rivers_micro_a, nicolae_shop_gadgets
D:6:      layout_loops_ring, serial_shops, shop, uniq_eustachio
D:7:      layout_gridville, tso_altar, marbit_many_paths,
          minmay_temple_entry_tees, enter_bailey_5, uniq_joseph

Notes
Turn   | Place    | Note
-------+----------+-------------------------------------------
     0 | D:1      | Faeu the Minotaur Fighter began the quest for the Orb.
     0 | D:1      | Reached XP level 1. HP: 19/19 MP: 0/0
     0 | D:1      | magus.rc [v1.9.6]
   158 | D:1      | Reached XP level 2. HP: 19/27 MP: 1/1
   285 | D:1      | Found a faded altar of an unknown god.
   540 | D:2      | Noticed a necrophage
   668 | D:2      | Killed a necrophage
   669 | D:2      | Reached skill level 4 in Fighting
   669 | D:2      | Reached skill level 3 in Long Blades
   669 | D:2      | Reached skill level 4 in Armour
   669 | D:2      | Reached skill level 4 in Shields
   669 | D:2      | Reached XP level 3. HP: 30/34 MP: 2/2
   669 | D:2      | Reached XP level 4. HP: 37/41 MP: 3/3
   728 | D:2      | Reached XP level 5. HP: 41/47 MP: 4/4
  1229 | D:3      | Found a radiant altar of Vehumet.
  1336 | D:3      | Found a hazy altar of Hepliaklqana.
  1342 | D:3      | Reached skill level 4 in Long Blades
  1444 | D:3      | Reached skill level 5 in Fighting
  1450 | D:3      | Found a glowing drain.
  1463 | Sewer    | Entered a sewer
  1547 | Sewer    | Reached skill level 5 in Armour
  1594 | Sewer    | Noticed Pargi
  1596 | Sewer    | Gained mutation: You are resistant to electric shocks.
                  | (rElec) [potion of mutation]
  1596 | Sewer    | Gained mutation: Your body sometimes deteriorates upon
                  | taking damage. [potion of mutation]
  1596 | Sewer    | Lost mutation: You are resistant to electric shocks.
                  | (rElec) [potion of mutation]
  1596 | Sewer    | Gained mutation: You expend magic power (3 MP) to
                  | strengthen your wands. [potion of mutation]
  1610 | Sewer    | Killed Pargi
  1611 | Sewer    | Reached skill level 5 in Shields
  1611 | Sewer    | Reached XP level 6. HP: 32/56 MP: 5/5
  1974 | D:3      | Became a worshipper of Hepliaklqana the Forgotten
  2129 | D:5      | Entered Level 5 of the Dungeon
  2136 | D:5      | Reached XP level 7. HP: 26/62 MP: 6/6
  2316 | D:4      | Reached skill level 5 in Long Blades
  2487 | D:4      | Reached skill level 6 in Fighting
  2487 | D:4      | Reached skill level 6 in Armour
  2696 | D:4      | Found a bloodstained altar of Trog.
  2837 | D:4      | Reached * piety under Hepliaklqana
  2899 | D:4      | Found a shimmering altar of Xom.
  2949 | D:4      | Reached skill level 6 in Shields
  4131 | D:5      | Reached skill level 6 in Long Blades
  4131 | D:5      | Reached XP level 8. HP: 62/63 MP: 7/7
  4168 | D:5      | Found Wotey's Gadget Gallery.
  4474 | D:5      | Found a hide-covered altar of Uskayaw.
  4593 | D:6      | Noticed Eustachio
  4633 | D:6      | Killed Eustachio
  4634 | D:6      | Reached skill level 7 in Fighting
  4634 | D:6      | Reached skill level 7 in Armour
  4634 | D:6      | Reached skill level 7 in Shields
  4637 | D:6      | HP: 11/65 [orc priest/divine providence (12)]
  4943 | D:6      | Reached ** piety under Hepliaklqana
  5062 | D:6      | Remembered your ancestor Ælfric as a hexer
  5081 | D:6      | Found Hoeneu Vecao's Jewellery Emporium.
  5209 | D:6      | Reached skill level 7 in Long Blades
  5889 | D:5      | Reached XP level 9. HP: 27/71 MP: 5/8
  6280 | D:6      | Reached skill level 8 in Fighting
  6280 | D:6      | Reached skill level 8 in Armour
  6440 | D:6      | Reached skill level 8 in Shields
  6450 | D:6      | HP: 16/65 [poisoned by a wight]
  6453 | D:5      | HP: 2/63 [poisoned by a wight]
  6774 | D:6      | HP: 15/63 [poisoned by a killer bee]
  6779 | D:6      | HP: 9/65 [poisoned by a killer bee]
  6783 | D:6      | HP: 3/65 [killer bee (2)]
  6784 | D:6      | HP: 1/65 [killer bee (8)]
  6784 | D:6      | Slain by a killer bee

Vanquished Creatures
  Eustachio (D:6)
  A water moccasin (D:6)
  Pargi (Sewer)
  An ice beast (D:6)
  An ogre (D:6)
  A necrophage (D:2)
  2 phantoms
  4 scorpions
  2 killer bees (D:6)
  5 wights
  2 jellies
  2 orc priests
  2 hounds
  4 iguanas
  2 orc wizards
  2 howler monkey zombies
  13 gnolls
  6 adders
  A river rat (D:3)
  2 adder skeletons (D:4)
  A worm (D:3)
  A dart slug (D:5)
  12 orcs
  9 ball pythons
  3 bats
  8 endoplasms
  4 giant cockroaches
  4 goblins
  5 hobgoblins
  3 jackals (Sewer)
  6 quokkas
  2 frilled lizards
  4 kobolds
  A quokka skeleton (D:4)
  14 rats
132 creatures vanquished.

Vanquished Creatures (collateral kills)
  A black bear (D:5)
  A killer bee (D:6)
  A jelly (D:6)
  A gnoll shaman (D:6)
  2 iguanas
  An orc wizard (D:5)
  An adder (D:5)
  2 orcs
  A kobold (D:4)
11 creatures vanquished.

Vanquished Creatures (others)
  An ancestor (D:6)
  A hexer (D:6)
2 creatures vanquished.

Grand Total: 145 creatures vanquished

Table legend:
 A = Non-vault XP
 B = Vault XP
 C = Vault XP percentage of total XP
 D = Non-vault monster count
 E = Vault monster count
 F = Vault count percentage of total count
                 A         B        C        D         E       F
            +---------+---------+-------+---------+---------+-------
      Total |    2756 |     360 |  11.6 |     134 |       9 |   6.3
            +---------+---------+-------+---------+---------+-------
        D:1 |      25 |       0 |   0.0 |      18 |       0 |   0.0
        D:2 |     204 |       0 |   0.0 |      23 |       0 |   0.0
        D:3 |     103 |      21 |  16.9 |      20 |       4 |  16.7
        D:4 |     484 |       0 |   0.0 |      20 |       0 |   0.0
        D:5 |     625 |       0 |   0.0 |      24 |       0 |   0.0
        D:6 |    1315 |     197 |  13.0 |      29 |       1 |   3.3
      Sewer |       0 |     142 | 100.0 |       0 |       4 | 100.0
            +---------+---------+-------+---------+---------+-------

Illustrated notes

Table legend:
 A = Kills in this place as a percentage of kills in entire the game.
 B = Kills by you in this place as a percentage of kills by you in the entire game.
 C = Kills by friends in this place as a percentage of kills by friends in the entire game.
 D = Other kills in this place as a percentage of other kills in the entire game.
 E = Experience gained in this place as a percentage of experience gained in the entire game.
 F = Experience gained in this place divided by the number of levels of this place that you have seen.
                   A       B       C       D       E      F
               +-------+-------+-------+-------+-------+----------------------
         Total | 100.0 | 100.0 | 100.0 |   N/A | 100.0 | 389.5
       Dungeon |  97.2 |  97.0 | 100.0 |   N/A |  95.4 | 424.9
         Sewer |   2.8 |   3.0 |   0.0 |   N/A |   4.6 | 142.0
               +-------+-------+-------+-------+-------+----------------------

Table legend: (Time is in decaauts)
 A = Elapsed time spent in this place.
 B = Non-inter-level travel time spent in this place.
 C = Inter-level travel time spent in this place.
 D = Time resting spent in this place.
 E = Time spent auto-exploring this place.
 F = Levels seen in this place.
 G = Mean time per level.
                   A        B        C        D        E       F      G
               +--------+--------+--------+--------+--------+-----+--------+
         Total |   6869 |   6743 |    126 |   1593 |   2963 |   8 |  858.6 |
       Dungeon |   6550 |   6424 |    126 |   1522 |   2816 |   7 |  935.7 |
         Sewer |    318 |    318 |      0 |     71 |    147 |   1 |  318.0 |
               +--------+--------+--------+--------+--------+-----+--------+

Top non-repeatable levels by time:
     D:5: 1922 daAuts
     D:6: 1451 daAuts
     D:4: 1428 daAuts
     D:1: 668 daAuts
     D:2: 544 daAuts
     D:3: 527 daAuts
   Sewer: 318 daAuts
     D:7: 7 daAuts
